 Dungeon Crawl Stone Soup version 0.17-a0-1582-ge6b0260 (webtiles) character file.

254 patman the Bolt Thrower (level 6, -6/30 HPs)
             Began as a Vine Stalker Wanderer on July 27, 2015.
             Mangled by a wight
             ... wielding a cursed +0 battleaxe
              (10 damage)
             ... on level 4 of the Dungeon.
             The game lasted 00:06:04 (2281 turns).

patman the Bolt Thrower (Vine Stalker Wanderer)     Turns: 2281, Time: 00:06:04

Health: -6/30      AC:  7    Str: 16    XL:     6   Next: 15%
Magic:  0/7        EV:  9    Int: 12    God:
Gold:   166        SH:  0    Dex: 14    Spells: 0 memorised, 5 levels left

rFire  . . .     SeeInvis .     a - +0 flail
rCold  . . .     Clarity  .     g - +2 scale mail
rNeg   . . .     SustAt   .     (no shield)
rPois  .         Gourm    .     (no helmet)
rElec  .         Spirit   +     (no cloak)
rCorr  .         Warding  .     p - +0 pair of gloves
rMut   .         Rnd*Tele +     (no boots)
MR     .....                    (no amulet)
Stlth  ..........               v - -3 ring of protection (curse)
                                i - ring of teleportation (curse)

@: drained, not resistant to hostile enchantments, extremely unstealthy
A: fangs 2, regeneration 2, magic shield, antimagic bite, no device heal 3, rot
immunity
a: Evoke Teleportation


You were on level 4 of the Dungeon.
You were not hungry.

You visited 1 branch of the dungeon, and saw 4 of its levels.

You collected 166 gold pieces.

Inventory:

Hand weapons
 a - a +0 flail (weapon)
 b - a +0 hand crossbow
 t - a +0 mace
Missiles
 c - 75 bolts
 f - 7 tomahawks (quivered)
Armour
 g - a +2 scale mail (worn)
 p - a +0 pair of gloves (worn)
Jewellery
 i - a cursed ring of teleportation (left hand)
 l - an uncursed ring of ice
 s - a +4 ring of intelligence
 v - a cursed -3 ring of protection (right hand)
Scrolls
 r - a scroll of fog
 u - a scroll of teleportation
Potions
 d - a potion of lignification
 h - a potion of might {unknown}
 j - 2 potions of agility {unknown}
 k - a potion of berserk rage {unknown}
 m - 3 potions of curing {unknown}
 n - 2 potions of haste {unknown}
 w - a potion of magic {unknown}
Comestibles
 e - 2 bread rations
 o - a royal jelly
 q - 4 fruits
 x - a chunk of flesh


   Skills:
 - Level 1.0(0.6) Fighting
 + Level 5.4(5.0) Crossbows
 - Level 4.9(4.5) Armour
   Level 1.7(1.3) Shields


You had 5 spell levels left.
You didn't know any spells.

Dungeon Overview and Level Annotations

Branches:
Dungeon (4/15)
 Temple: D:4-7

Altars:
Ashenzari
Ru
The Shining One


Innate Abilities, Weirdness & Mutations

You have extremely sharp teeth.
You heal very quickly.
When hurt, damage is shared between your health and your magic reserves.
Your bite disrupts and absorbs the magic of your enemies.
Potions and wands cannot restore your health.
You are immune to rotting.


Message History

There is an escape hatch in the ceiling here.
Things that are here:
a falchion; a robe Unknown command.
You hit the wight. Your bite misses the wight.
The wight is moderately damaged.
The wight misses you.
You hit the wight. You bite the wight, but do no damage.
The wight is heavily damaged.
The wight hits you with a battleaxe!
You barely miss the wight.
The wight is heavily damaged.
The wight hits you with a battleaxe!
* * * LOW HITPOINT WARNING * * *
You feel drained.
* * * LOW HITPOINT WARNING * * *
Your scale mail prevents you from hitting the wight.
The wight is heavily damaged.
The wight hits you with a battleaxe!
You die...

.....)..#
#######.#
#†# #.# ##
#.# .. #.#
z# #<# .#
#)######.#
#...@zz<.#
##########


You could see 2 wights.

Vanquished Creatures
  3 wights (D:4)
  3 adders (D:3)
  A worm (D:4)
  2 giant geckos
  5 orcs
  3 giant cockroaches
  7 goblins
  9 hobgoblins
  12 jackals
  2 quokkas
  A ball python (D:2)
  11 bats
  7 giant newts
  5 kobolds
  4 rats
75 creatures vanquished.

Notes
Turn   | Place    | Note
--------------------------------------------------------------
     0 | D:1      | patman the Vine Stalker Wanderer began the quest for the Orb.
     0 | D:1      | patman set off with: a +2 scale mail, a +0 hand crossbow, 25 bolts, a potion of lignification, a bread ration
     0 | D:1      | Reached XP level 1. HP: 10/10 MP: 2/2
   166 | D:1      | Reached XP level 2. HP: 14/14 MP: 3/3
   473 | D:1      | Reached XP level 3. HP: 18/18 MP: 4/4
   863 | D:2      | Found a shattered altar of Ashenzari.
  1396 | D:2      | Found a glowing golden altar of the Shining One.
  1452 | D:2      | Reached XP level 4. HP: 17/22 MP: 5/5
  1604 | D:3      | Found a sacrificial altar of Ru.
  2187 | D:4      | Reached XP level 5. HP: 18/25 MP: 3/6
  2192 | D:4      | Reached skill level 5 in Crossbows
  2241 | D:4      | Gained mutation: You heal very quickly. [Vine Stalker growth]
  2241 | D:4      | Reached XP level 6. HP: 15/30 MP: 3/7
  2281 | D:4      | Mangled by a wight

Vault maps used:
D:1:      minmay_arrival_diagonal_passages
D:2:      tso_oasis_becter, nicolae_ashenzari_panopticon
D:3:      small_statue_intersection, nicolae_ru_sacrificial_ziggurat

Action                   |  1- 3 |  4- 6 || total
-------------------------+-------+-------++-------
Melee: Mace              |   151 |     4 ||   155
       Flail             |       |    94 ||    94
 Fire: Hand crossbow     |     4 |    10 ||    14
  Use: Scroll            |       |     3 ||     3
  Eat: Chunk             |     1 |     4 ||     5
